 Dungeon Crawl Stone Soup version 0.22-a0-443-g17c3723 (webtiles) character file.

85 KristoblXynda the Sneak (level 4, -7/36 HPs)
             Began as a Naga Enchanter on May 31, 2018.
             Mangled by an orc
             ... wielding a +0 morningstar
              (11 damage)
             ... on level 3 of the Dungeon.
             The game lasted 00:07:02 (2594 turns).

KristoblXynda the Sneak (Naga Enchanter)            Turns: 2594, Time: 00:07:03

Health: -7/36      AC:  3    Str: 10    XL:     4   Next: 48%
Magic:  1/8        EV: 10    Int: 17    God:
Gold:   111        SH:  0    Dex: 11    Spells: 2/8 levels left

rFire    + . .     SeeInvis +   a - +1 dagger
rCold    . . .     Gourm    +   (no shield)
rNeg     . . .     Faith    .   b - +0 robe
rPois    +         Spirit   .   e - +1 hat {MR+}
rElec    .         Reflect  .   (no cloak)
rCorr    .         Harm     .   (no gloves)
MR       +....                  (no barding)
Stlth    +++.......             h - amulet of the gourmand
HPRegen  0.12/turn              k - +2 ring of intelligence
MPRegen  0.11/turn              j - ring of protection from fire

@: hasted, quick
A: large, horns 1, see invisible, deformed body, dopey 1, poison resistance,
slowness 2, slow metabolism 1, spit poison 2, sturdy frame 1, AC +1
a: Breathe Poison Gas


You were on level 3 of the Dungeon.
You were very full.

You visited 1 branch of the dungeon, and saw 3 of its levels.

You collected 111 gold pieces.

Inventory:

Hand Weapons
 a - a +1 dagger (weapon)
Armour
 b - a +0 robe (worn)
 e - a +1 hat of magic resistance (worn)
Jewellery
 h - an amulet of the gourmand (around neck)
 j - a ring of protection from fire (right hand)
 k - a +2 ring of intelligence (left hand)
Scrolls
 g - a scroll of random uselessness {unknown}
 l - a scroll of magic mapping {unknown}
 n - a scroll of fog {unknown}
Potions
 f - a potion of cancellation
Comestibles
 d - 7 rations


   Skills:
 - Level 1.0 Short Blades
 - Level 1.5 Dodging
 + Level 5.8 Stealth
 + Level 2.9 Spellcasting
 + Level 3.8 Hexes


You had 2 spell levels left.
You knew the following spells:

 Your Spells              Type           Power        Failure   Level  Hunger
a - Corona                Hex            ###....      3%          1    None
b - Ensorcelled Hibernat  Hex/Ice        #.....       12%         2    ##.....
c - Confuse               Hex            ###.....     11%         3    ###....

Your spell library contained the following spells:

 Spells                   Type           Power        Failure   Level  Hunger
 Tukima's Dance           Hex            ###.....     11%         3    ###....
 Dazzling Spray           Conj/Hex       #.....       24%         3    ###....


Dungeon Overview and Level Annotations

Branches:
Dungeon (3/15)

Altars:


Innate Abilities, Weirdness & Mutations

You cannot wear boots.
Your serpentine skin is tough. (AC +1)
You have supernaturally acute eyesight. (SInv)
Armour fits poorly on your strangely shaped body.
Your system is resistant to poisons. (rPois)
You cover ground very slowly.
You have a slow metabolism.
You can exhale a cloud of poison.
You have a pair of small horns on your head.
You are dopey. (Int -2)
Your movements are slightly less encumbered by armour. (ER -2)


Message History

Aiming: Ensorcelled Hibernation (safe; 11% risk of failure)
Press: ? - help, Shift-Dir - straight line, f/p - gnoll
Aim: a gnoll (chance to defeat MR: 50%)
The gnoll resists with some effort.
The gnoll hits you but does no damage.
You feel yourself speed up. The ooze hits you.
* * * LOW HITPOINT WARNING * * *
The gnoll hits you.
* * * LOW HITPOINT WARNING * * *
You have got your breath back.
The orc misses you. The ooze closely misses you.
The giant cockroach bites you but does no damage.
It was a potion of mutation.
You feel extremely strange. A pair of horns grows on your head!
There is a nasty taste in your mouth for a moment.
You feel stupid.
You feel less encumbered by your armour.
The giant cockroach barely misses you. The ooze hits you.
* * * LOW HITPOINT WARNING * * *
The orc hits you with a morningstar!
You die...

#.#.####.#####. ### .
#.............#. ....
.##..#.####.###.#. #..
..#..#.####.#.....
#...##.#..#........#.#.
##
...#......#####.#.#.##
... ................# #
...#####os###.........#
# ........J@#
#.........# #
≈.≈.≈..≈#g#
#.........#.##
≈.≈...≈.#g#
#.......[.#...
≈≈≈≈≈≈≈≈..#
#.........####
≈≈≈≈≈≈≈≈.###
#...).........
.≈≈≈≈≈≈≈≈≈..#
#........#####
.≈≈≈..♣≈≈≈..#
#........# #
.≈≈≈≈_.≈≈≈..#
#####.#.#.# #
.≈≈≈≈.≈≈≈≈≈≈# #.#.#.#


You could see a gnoll, an ooze, an orc, a giant cockroach and a hobgoblin.

Vanquished Creatures
  A gnoll (D:3)
  An adder (D:2)
  An ooze (D:2)
  2 worms (D:2)
  2 dart slugs
  A ball python (D:1)
  A giant cockroach (D:2)
  5 goblins
  5 hobgoblins
  4 jackals (D:2)
  A quokka (D:3)
  11 bats
  4 frilled lizards (D:2)
  9 kobolds
  6 rats
54 creatures vanquished.

Notes
Turn   | Place    | Note
-------+----------+-------------------------------------------
     0 | D:1      | KristoblXynda the Naga Enchanter began the quest for the Orb.
     0 | D:1      | Reached XP level 1. HP: 15/15 MP: 3/3
   142 | D:1      | Reached XP level 2. HP: 17/22 MP: 5/5
   209 | D:1      | Learned a level 2 spell: Ensorcelled Hibernation
   349 | D:1      | Reached skill level 5 in Stealth
   740 | D:1      | Reached XP level 3. HP: 4/28 MP: 0/6
   961 | D:1      | Learned a level 3 spell: Confuse
  1780 | D:2      | Reached XP level 4. HP: 29/36 MP: 8/8
  2558 | D:3      | Found a faded altar of an unknown god.
  2594 | D:3      | Gained mutation: You have a pair of small horns on your head. [potion of mutation]
  2594 | D:3      | Gained mutation: You can exhale a cloud of poison. [potion of mutation]
  2594 | D:3      | Gained mutation: You are dopey. (Int -2) [potion of mutation]
  2594 | D:3      | Gained mutation: Your movements are slightly less encumbered by armour. (ER -2) [potion of mutation]
  2594 | D:3      | Mangled by an orc

Vault maps used:
D:1:      elethiomel_arrival_quiet, kennysheep_doodads
D:2:      st_stairs_5
D:3:      chequers_ecumenical_altar_island

Skill      XL: |  1  2 |
---------------+-------+-----
Stealth        | 5 |  5.8
Short Blades   | |  1.0
Dodging        | |  1.5
Spellcasting   | |  2.9
Hexes          | |  3.8

Action                   |  1- 3 |  4- 6 || total
-------------------------+-------+-------++-------
Melee: Dagger            |   116 |    45 ||   161
 Cast: Ensorcelled Hiber |    21 |    11 ||    32
 Abil: Spit Poison       |    11 |     3 ||    14
  Use: Scroll            |     2 |     3 ||     5
       Potion            |       |     2 ||     2
 Stab: Sleeping          |    13 |     8 ||    21
  Eat: Chunk             |    13 |     7 ||    20
Armor: Robe              |    49 |    21 ||    70
Dodge: Dodged            |    80 |    46 ||   126

Table legend:
 A = Spawn XP
 B = Non-spawn XP
 C = Spawn XP percentage of total XP
 D = Spawn monster count
 E = Non-spawn monster count
 F = Spawn count percentage of total count
 G = Total turns spent on level
                    A         B        C        D         E        F      G
               +---------+---------+-------+---------+---------+-------+---------
         Total |       0 |     122 |   0.0 |       0 |      54 |   0.0 |  2594
               +---------+---------+-------+---------+---------+-------+---------
           D:1 |       0 |      40 |   0.0 |       0 |      26 |   0.0 |  1350
           D:2 |       0 |      58 |   0.0 |       0 |      21 |   0.0 |   971
           D:3 |       0 |      24 |   0.0 |       0 |       7 |   0.0 |   273
               +---------+---------+-------+---------+---------+-------+---------
